 Dungeon Crawl Stone Soup version 0.29-a0-284-gf9362112df (webtiles) character file.

Game seed: 11893391304053907902

183404 siradein the Lord of Darkness (level 17, -1/133 HPs)
             Began as a Demonspawn Necromancer on Mar 29, 2022.
             Was the Champion of Kikubaaqudgha.
             Killed from afar by a frost giant (28 damage)
             ... with a bolt of cold
             ... on level 4 of the Shoals on Mar 30, 2022.
             The game lasted 03:33:51 (42472 turns).

siradein the Lord of Darkness (DsNe)               Turns: 42472, Time: 03:33:52

Health: -1/133     AC: 16    Str: 11    XL:     17   Next: 74%
Magic:  16/32      EV: 20    Int: 28    God:    Kikubaaqudgha [******]
Gold:   408        SH: 14    Dex: 21    Spells: 3/38 levels left

rFire   . . .      SeeInvis .   b - staff of death
rCold   . . .      Faith    .   r - +1 kite shield {reflect}
rNeg    + . .      Spirit   .   P - +4 leather armour of Toynerog {Int+6}
rPois   .          Reflect  +   (helmet unavailable)
rElec   .          Harm     .   A - +0 cloak
rCorr   .          Rampage  .   H - +1 pair of gloves {infuse}
Will    +....      Archmagi +   g - +0 pair of boots
Stlth   ++........              L - amulet of the Wary Dreams {Regen+ Dex+7}
HPRegen 1.12/turn               J - ring of the Mage {Wiz Archmagi}
MPRegen 0.46/turn               h - ring of flight

@: flying, studying Staves
A: horns 3, molten scales 2, demonic guardian 3, magic regeneration
a: Renounce Religion, Receive Corpses, Torment


You were on level 4 of the Shoals.
You worshipped Kikubaaqudgha.
Kikubaaqudgha was exalted by your worship.
You visited 6 branches of the dungeon, and saw 31 of its levels.
You visited the Abyss 1 time.
You also visited: Sewer.

You collected 3376 gold pieces.
You spent 2968 gold pieces at shops.

Inventory:

Hand Weapons
 a - a +9 eveningstar of flaming
 M - a +2 eveningstar of protection
Missiles
 D - 11 curare-tipped darts
 K - 10 throwing nets
Armour
 e - a +2 robe of the Archmagi
 g - a +0 pair of boots (worn)
 r - a +1 kite shield of reflection (worn)
 y - +0 ice dragon scales
 A - a +0 cloak (worn)
 H - a +1 pair of gloves of infusion (worn)
 P - the +4 leather armour of Toynerog (worn) {Int+6}
   (You bought it in a shop on level 7 of the Dungeon)

   Int:       It affects your intelligence (+6).
Magical Staves
 b - a staff of death (weapon)
Jewellery
 h - a ring of flight (right hand)
 s - a ring of protection from fire
 F - a ring of resist corrosion
 J - the ring of the Mage (left hand) {Wiz Archmagi}
   (You acquired it on level 15 of the Dungeon)

   [ring of wizardry]

   It improves your spell success rate.
   Archmagi:  It increases the power of your magical spells.
 L - the amulet of the Wary Dreams (around neck) {Regen+ Dex+7}
   (You bought it in a shop on level 2 of the Snake Pit)

   [amulet of regeneration]

   Dex:       It affects your dexterity (+7).
   Regen:     It increases your rate of health regeneration.
 Q - a ring of poison resistance
 U - a ring of see invisible
Wands
 x - a wand of iceblast (36)
 N - a wand of mindburst (15)
 O - a wand of acid (11)
 R - a wand of paralysis (14)
 V - a wand of polymorph (11)
 W - a wand of flame (3)
Scrolls
 c - 4 scrolls of identify
 d - 2 scrolls of torment
 f - 15 scrolls of teleportation
 k - 4 scrolls of fear
 m - 6 scrolls of fog
 o - 2 scrolls of amnesia
 u - 7 scrolls of blinking
 w - 4 scrolls of immolation
 E - 4 scrolls of enchant weapon
 G - a scroll of enchant armour
 I - 4 scrolls of magic mapping
 Y - a scroll of summoning
 Z - a scroll of brand weapon
Potions
 i - 2 potions of cancellation
 j - 12 potions of might
 l - 11 potions of curing
 n - 4 potions of mutation
 p - 3 potions of berserk rage
 q - a potion of flight
 t - 6 potions of haste
 v - 7 potions of heal wounds
 z - 4 potions of brilliance
 B - 3 potions of invisibility
 C - 5 potions of resistance
 T - 10 potions of magic
 X - 14 potions of ambrosia
Miscellaneous
 S - a phantom mirror


   Skills:
 + Level 12.1 Fighting
 + Level 11.0(12.6) Maces & Flails
 - Level 9.8(12.0) Staves
 + Level 9.6 Armour
 + Level 13.9 Dodging
 - Level 1.7 Stealth
 + Level 9.6 Shields
 + Level 11.2 Spellcasting
 * Level 14.0 Necromancy
 + Level 7.1 Earth Magic
 + Level 9.2 Evocations


You had 3 spell levels left.
You knew the following spells:

 Your Spells              Type           Power      Damage    Failure   Level
a - Vampiric Draining     Necr           100%       2d13      1%          3
b - Animate Dead          Necr           59%        N/A       1%          4
c - Death Channel         Necr           59%        N/A       1%          6
d - Borgnjor's Vile Clut  Necr/Erth      53%        N/A       1%          5
e - Infestation           Necr           59%        N/A       58%         8
f - Haunt                 Necr/Summ      44%        N/A       86%         7
g - Blink                 Tloc           46%        N/A       6%          2

Your spell library contained the following spells:

 Spells                   Type           Power      Damage    Failure   Level
 Animate Skeleton         Necr           100%       N/A       1%          1
 Pain                     Necr           100%       1d9       1%          1
 Corpse Rot               Necr/Air       100%       N/A       1%          2
 Apportation              Tloc           46%        N/A       4%          1
 Slow                     Hex            92%        N/A       4%          1
 Summon Small Mammal      Summ           92%        N/A       4%          1
 Call Canine Familiar     Summ           23%        N/A       12%         3
 Confusing Touch          Hex            23%        N/A       12%         3
 Inner Flame              Hex/Fire       23%        N/A       12%         3
 Ozocubu's Armour         Ice            23%        N/A       12%         3
 Portal Projectile        Hex/Tloc       46%        N/A       12%         3
 Summon Guardian Golem    Hex/Summ       23%        N/A       12%         3
 Tukima's Dance           Hex            23%        N/A       12%         3
 Dispel Undead            Necr           100%       3d31      1%          4
 Agony                    Necr           100%       N/A       1%          5
 Excruciating Wounds      Necr           59%        N/A       1%          5
 Lee's Rapid Deconstruct  Erth           35%        3d19*     6%          5
 Leda's Liquefaction      Hex/Erth       26%        N/A       9%          4
 Simulacrum               Ice/Necr       44%        N/A       32%         6
 Cause Fear               Hex            11%        N/A       36%         4
 Passage of Golubria      Tloc           23%        N/A       36%         4
 Borgnjor's Revivificati  Necr           59%        N/A       58%         8
 Blade Hands              Tmut           11%        N/A       69%         5
 Irradiate                Conj/Tmut      11%        3d17      69%         5
 Manifold Assault         Tloc           23%        N/A       69%         5
 Yara's Violent Unravell  Hex/Tmut       11%        3d6       69%         5
 Statue Form              Tmut/Erth      34%        N/A       77%         6
 Dispersal                Tloc           11%        N/A       99%         6
 Dragon Form              Tmut           11%        N/A       100%        7
 Ozocubu's Refrigeration  Ice            11%        4d7       100%        7
 Storm Form               Tmut/Air       11%        N/A       100%        7
 Discord                  Hex            11%        N/A       100%        8
 Disjunction              Tloc           11%        N/A       100%        8
 Necromutation            Tmut/Necr      44%        N/A       100%        8
 Death's Door             Necr           59%        N/A       100%        9


Dungeon Overview and Level Annotations

Branches:
Dungeon (15/15)            Temple (1/1) D:4            Lair (6/6) D:10
 Shoals (4/4) Lair:3        Snake (3/4) Lair:4        Slime (0/5) Lair:5
    Orc (2/2) D:9             Elf (0/3) Orc:2        Vaults (0/5) D:14
 Depths (0/4) D:15          Sewer (visited)

Altars:
Ashenzari
Cheibriados
Dithmenos
Elyvilon
Fedhas
Gozag
Hepliaklqana
Kikubaaqudgha
Makhleb
Nemelex Xobeh
Okawaru
Qazlal
Ru
Sif Muna
Trog
Uskayaw
Vehumet
Wu Jian
Xom
Yredelemnul
Zin
The Shining One
Beogh
Jiyva

Shops:
D:4 **   D:7 [*!   D:10 ?   D:15 *   Orc:2 *!((   Shoals:1 *   Snake:1 [[??
Snake:2 *   Snake:3 *

Portals:
Hell: Lair:6
Bazaar: D:14

Annotations:
D:1 2 transporters
Lair:2 exclusion: 4 oklob plants
Lair:5 1 runed translucent door
Shoals:4 1 runed translucent door, HilariousDeathArtist's ghost, adept MiMo


Innate Abilities, Weirdness & Mutations

You have a pair of large horns on your head.
You are mostly covered in molten scales. (AC +3)
A powerful demonic guardian rushes to your aid.
You regenerate magic rapidly.


Message History

The zombie hands constrict the merfolk impaler!!
The merfolk impaler struggles to escape constriction.
The merfolk hits you from afar with a +0 trident!
The merfolk impaler escapes!
The merfolk closely misses you.
The merfolk impaler hits you from afar with a +1 demon trident of freezing!
* * * LOW HITPOINT WARNING * * *
A demonic guardian appears!
The merfolk impaler freezes you.
* * * LOW HITPOINT WARNING * * *
You are too injured to fight recklessly!
Unknown command.
Casting: Borgnjor's Vile Clutch (mildly dangerous; 1% risk of failure)
Confirm with . or Enter, or press ? or * to list all spells.
Aiming: Vampiric Draining (safe; 1% risk of failure)
Press: ? - help, Shift-Dir - straight line, f - merfolk
Aim: a merfolk, wielding a +0 trident (ally target)
You feel a strong surge of power!
You draw life force from the merfolk!!
You feel life coursing into your body!
The merfolk impaler completely misses you.
The merfolk closely misses you.
Your cacodemon hits the merfolk! x2
Casting: Vampiric Draining (safe; 1% risk of failure)
Confirm with . or Enter, or press ? or * to list all spells.
Aiming: Vampiric Draining (safe; 1% risk of failure)
Press: ? - help, Shift-Dir - straight line, f/p - merfolk
Aim: a merfolk, wielding a +0 trident (severely wounded, ally target)
You feel a strong surge of power!
You draw life force from the merfolk!
You feel life coursing into your body. You block the merfolk impaler's attack.
The merfolk impaler hits you from afar with a +1 demon trident of freezing!
* * * LOW HITPOINT WARNING * * *
The merfolk impaler freezes you.
* * * LOW HITPOINT WARNING * * *
The merfolk misses you.
Your cacodemon hits the merfolk!
The merfolk dies!
Kikubaaqudgha accepts your kill.
You hear a splash.
You swap places.
The frost giant points at you and mumbles some strange words.
The bolt of cold hits you!!
You die...
Kikubaaqudgha rasps: "You have failed me!
Welcome... death!"

≈≈≈≈≈≈≈≈≈≈≈≈≈≈≈≈≈≈≈≈≈≈≈≈≈
≈≈≈≈≈≈≈≈≈≈≈≈≈≈≈≈≈≈≈≈≈≈≈≈≈≈
≈≈≈≈≈≈≈≈≈≈≈≈≈≈≈≈≈≈≈≈≈≈≈≈≈≈≈
≈≈≈.......≈≈≈≈≈≈≈≈≈≈≈≈≈≈≈≈≈≈
≈≈≈...........≈≈≈≈≈≈≈≈≈≈≈≈≈≈
≈≈≈...........≈≈≈≈≈≈≈≈≈≈≈≈≈≈≈
≈≈≈...........≈≈≈≈≈≈≈≈≈≈≈≈≈≈≈
≈.≈..........≈≈≈≈≈≈≈≈≈≈≈≈≈≈≈≈≈≈≈
##≈..........≈≈≈@2≈≈≈≈≈≈≈≈≈≈≈≈≈≈≈
k#...........≈≈≈≈○≈≈≈≈≈≈≈≈≈≈≈≈≈≈≈
W+..........≈≈≈≈≈≈○m≈≈≈≈≈≈≈≈≈≈≈≈≈
#≈........≈≈≈≈≈≈≈≈○≈≈≈≈≈≈≈≈≈≈≈≈≈
##≈≈≈≈≈≈.≈≈≈≈≈≈≈≈≈≈≈○≈≈≈....≈≈≈≈≈
≈≈≈≈≈≈≈≈≈≈≈≈≈≈≈≈≈≈≈≈≈C≈......≈≈≈≈
≈≈≈≈≈≈≈≈≈≈≈≈≈≈≈≈#≈#≈≈≈≈......≈≈≈≈
)≈≈)).≈≈≈≈≈P≈≈≈#≈≈≈#≈.........≈≈≈
≈≈..()..≈≈≈≈≈≈#≈≈≈≈≈#......≈≈≈≈≈≈


You could see a frost giant, a merfolk impaler and a friendly cacodemon
(summoned).

Vanquished Creatures
  Saint Roka (Orc:2)
  2 tentacled monstrosities (Snake:2)
  A thorn hunter (Snake:2)
  Roxanne (Snake:3)
  Aizul (Snake:3)
  A lorocyproca (Lair:6)
  A dire elephant (D:15)
  3 merfolk javelineers (Shoals:4)
  5 merfolk impalers
  Harold (D:9)
  3 vault guards (D:14)
  3 naga warriors
  7 anacondas
  3 centaur warriors
  5 hydras
  Erolcha (Orc:1)
  2 merfolk aquamancers
  A catoblepas (Lair:3)
  2 alligator snapping turtles
  3 merfolk avatars
  A satyr (Shoals:3)
  An alligator (Snake:2)
  A two-headed ogre (Orc:1)
  3 tengu warriors
  2 shock serpents
  2 orc high priests (Orc:2)
  7 naga sharpshooters
  A fire crab (Lair:5)
  7 sea snakes
  2 swamp dragons (Snake:2)
  2 lindwurms
  A naga ritualist (Snake:3)
  5 harpies
  3 deep elf pyromancers
  3 orc knights
  2 wizards
  14 ugly things
  The ghost of ziggurnaut the Vexing, a novice GnAM of Ashenzari (D:4)
  6 orc sorcerers
  3 fauns
  4 mana vipers
  5 cyclopes
  6 manticores
  5 salamanders
  3 elephants
  7 merfolk sirens
  2 naga magi
  5 water nymphs
  18 black mambas
  A guardian serpent (Snake:1)
  Maurice (D:8)
  A black mamba (shapeshifter) (D:13)
  8 cane toads
  2 torpor snails
  2 unseen horrors (D:11)
  A gargoyle (D:14)
  An efreet (D:13)
  7 kobold demonologists
  An ice devil (Lair:6)
  2 rime drakes
  7 komodo dragons
  A yaktaur (D:15)
  A hellwing (Lair:6)
  4 trolls
  2 red devils (Lair:6)
  3 hornets
  2 wind drakes
  A blink frog (Lair:6)
  A queen bee (Lair:3)
  11 merfolk
  A wolf spider simulacrum (D:14)
  3 snapping turtles
  Grinder (D:5)
  3 dream sheep
  6 slime creatures
  A jumping spider (shapeshifter) (D:15)
  4 shadows
  A wraith (D:9)
  A yak (shapeshifter) (D:14)
  40 yaks
  2 hogs (Shoals:1)
  3 wyverns
  7 basilisks
  2 fire bats (Lair:5)
  6 water elementals
  3 steam dragons
  A vampire mosquito (Snake:2)
  Menkaure (D:5)
  5 swamp worms (Snake:2)
  16 nagas
  4 acid dragons
  21 water moccasins
  3 hell hounds (Lair:6)
  15 orc warriors
  2 swamp drakes (Snake:2)
  2 ice beasts
  2 sky beasts
  2 ogres (Orc:1)
  11 wolves
  8 centaurs
  5 kobold brigands
  3 necrophages
  5 gnoll sergeants
  12 bullfrogs
  4 scorpions
  3 wights
  34 killer bees
  5 howler monkeys
  11 electric eels
  11 orc priests
  Crazy Yiuf (D:5)
  11 hounds
  2 jellies (D:7)
  An iron imp (Abyss:3)
  3 gnoll shamans
  4 iguanas
  Natasha (twice) (D:3)
  23 orc wizards
  10 adders
  26 gnolls
  2 river rats (Sewer)
  A white imp (D:7)
  An ufetubus (D:7)
  3 worms (Sewer)
  2 dart slugs
  77 orcs
  6 ball pythons
  6 bats
  5 endoplasms
  2 giant cockroaches
  5 goblins
  8 hobgoblins
  6 jackals
  38 kobolds
  6 quokkas
  6 frilled lizards
  6 rats
  A butterfly (Lair:2)
763 creatures vanquished.

Vanquished Creatures (collateral kills)
  Jorgrun (Snake:1)
  Kirke (Shoals:1)
  Donald (Snake:1)
  Ilsuiw (Shoals:4)
  2 nagarajas
  A ghost moth (Abyss:3)
  An orc warlord (Orc:1)
  A merfolk javelineer (Shoals:4)
  Snorg (D:11)
  3 merfolk impalers
  2 hydras
  A vault guard (D:14)
  5 naga warriors
  A catoblepas (Lair:5)
  A merfolk aquamancer (Shoals:4)
  2 centaur warriors
  An alligator snapping turtle (Shoals:4)
  An alligator (Snake:2)
  An orc high priest (Orc:2)
  5 shock serpents
  Sonja (Orc:2)
  3 naga sharpshooters
  A sun demon (Lair:6)
  3 swamp dragons (Snake:2)
  2 naga ritualists
  5 sea snakes
  6 harpies (Shoals:1)
  4 mana vipers
  An ugly thing (D:13)
  3 orc knights (Orc:2)
  6 manticores
  A cyclops (D:14)
  4 orc sorcerers
  4 salamanders
  2 naga magi
  10 black mambas
  5 elephants
  Joseph (D:9)
  A gargoyle (D:14)
  A water nymph (Shoals:4)
  2 rime drakes
  A cane toad (Lair:5)
  3 komodo dragons
  3 ice devils (Lair:6)
  6 merfolk
  A tyrant leech (Snake:2)
  2 trolls
  A wind drake (Shoals:3)
  A queen bee (Lair:2)
  A hornet (D:9)
  A blink frog (Lair:6)
  A dream sheep (Lair:5)
  5 slime creatures
  A shadow (D:9)
  4 wyverns
  15 yaks
  A water elemental (D:12)
  A hog (Shoals:1)
  A basilisk (Lair:2)
  A human (D:14)
  A hog (shapeshifter) (D:13)
  A steam dragon (Lair:2)
  A vampire mosquito (Snake:2)
  A warg (Orc:1)
  8 nagas
  A swamp worm (Snake:2)
  7 water moccasins
  A hell hound (Lair:6)
  19 orc warriors
  A swamp drake (Snake:2)
  A black bear (D:7)
  An ogre (D:4)
  3 centaurs (D:11)
  7 wolves
  3 bullfrogs
  2 wights (D:10)
  28 killer bees
  4 electric eels
  A gnoll shaman (D:9)
  5 orc priests
  3 orc wizards (Orc:2)
  12 gnolls
  A white imp (D:6)
  17 orcs
  A ball python (D:4)
  An endoplasm (Sewer)
  5 kobolds
285 creatures vanquished.

Vanquished Creatures (others)
  A hydra (Lair:5)
  A merfolk aquamancer (Shoals:4)
  A boggart (D:9)
  2 orcs (Orc:1)
  A fire vortex (Lair:5)
  15 fungi
  67 plants
  16 tentacles (Shoals:2)
104 creatures vanquished.

Grand Total: 1152 creatures vanquished

Notes
Turn   | Place    | Note
-------+----------+-------------------------------------------
     0 | D:1      | siradein the Demonspawn Necromancer began the quest for the
                  | Orb.
     0 | D:1      | Reached XP level 1. HP: 13/13 MP: 3/3
   248 | D:1      | Gained mutation: You have a pair of small horns on your
                  | head. [demonic ancestry]
   248 | D:1      | Reached XP level 2. HP: 13/20 MP: 3/5
  1279 | D:1      | Reached skill level 1 in Fighting
  1551 | D:2      | Gained mutation: A weak demonic guardian rushes to your
                  | aid. [demonic ancestry]
  1551 | D:2      | Reached XP level 3. HP: 21/26 MP: 4/6
  1786 | D:2      | Learned a level 3 spell: Vampiric Draining
  2132 | D:2      | Found a faded altar of an unknown god.
  2649 | D:3      | Gained mutation: A demonic guardian rushes to your aid.
                  | [demonic ancestry]
  2649 | D:3      | Reached XP level 4. HP: 30/32 MP: 4/7
  2856 | D:3      | Reached skill level 5 in Necromancy
  3483 | D:3      | Noticed Natasha
  3494 | D:3      | Killed Natasha
  3851 | D:3      | Noticed Natasha
  3859 | D:3      | Killed Natasha
  3860 | D:3      | Gained mutation: A powerful demonic guardian rushes to your
                  | aid. [demonic ancestry]
  3860 | D:3      | Reached XP level 5. HP: 37/38 MP: 9/9
  4053 | D:4      | Reached skill level 1 in Maces & Flails
  4256 | D:4      | Found a runed translucent door.
  4261 | D:4      | Noticed ziggurnaut's ghost (novice GnAM)
  4330 | D:4      | Noticed an ogre
  4337 | D:4      | Killed an ogre
  4338 | D:4      | Gained mutation: You regenerate magic rapidly. [demonic
                  | ancestry]
  4338 | D:4      | Reached XP level 6. HP: 23/46 MP: 4/10
  4506 | D:4      | Found Nuuwif's General Store.
  4506 | D:4      | Found Vukloir's Specific Store.
  4722 | D:4      | Found a staircase to the Ecumenical Temple.
  4731 | Temple   | Entered the Ecumenical Temple
  5449 | D:5      | Entered Level 5 of the Dungeon
  5449 | D:5      | Noticed Menkaure
  5554 | D:5      | Killed Menkaure
  5555 | D:5      | Reached XP level 7. HP: 52/52 MP: 12/12
  5732 | D:5      | Reached skill level 6 in Necromancy
  6155 | D:5      | Noticed Grinder
  6164 | D:5      | Paralysed by Grinder for 7 turns
  6180 | D:5      | Killed Grinder
  6367 | D:5      | Reached XP level 8. HP: 45/60 MP: 6/14
  6558 | D:5      | Learned a level 4 spell: Animate Dead
  6623 | D:5      | Found a runed translucent door.
  6624 | D:5      | Noticed Crazy Yiuf
  6888 | D:5      | Killed Crazy Yiuf
  7029 | D:6      | Found a glowing drain.
  7042 | Sewer    | Entered a sewer
  7784 | D:6      | Reached skill level 7 in Necromancy
  7873 | D:6      | You are sucked into a shaft and drop 3 floors!
  7873 | D:9      | Noticed a kobold demonologist
  7873 | D:9      | Noticed a kobold demonologist
  7877 | D:9      | Noticed a smoke demon
  7877 | D:9      | Noticed a smoke demon
  7884 | D:9      | Noticed a hornet
  7893 | D:9      | Killed a hornet
  7893 | D:9      | HP: 1/61 [gnoll shaman/+0 whip (6)]
  7894 | D:9      | Reached skill level 5 in Dodging
  7894 | D:9      | Reached skill level 5 in Spellcasting
  7896 | D:9      | Reached skill level 5 in Fighting
  8250 | D:9      | Gained mutation: You are partially covered in molten
                  | scales. (AC +2) [demonic ancestry]
  8250 | D:9      | Reached XP level 9. HP: 42/68 MP: 6/16
  8318 | D:9      | HP: 3/68 [orc warrior/boomerang (1)]
  8949 | D:9      | Found a staircase to the Orcish Mines.
  9205 | D:9      | Noticed Joseph
  9632 | D:9      | Noticed a rust devil
  9661 | D:9      | Killed a kobold demonologist
  9662 | D:9      | Reached skill level 8 in Necromancy
  9708 | D:9      | Killed a kobold demonologist
  9709 | D:9      | Reached skill level 5 in Maces & Flails
 10226 | D:7      | Found Diwkoss's Assorted Antiques.
 10652 | D:6      | Found a faded altar of an unknown god.
 10690 | D:7      | Found Rehisusm's Distillery.
 11267 | D:7      | Reached XP level 10. HP: 76/77 MP: 19/19
 11286 | D:7      | Bought a potion of flight for 45 gold pieces
 11302 | D:7      | Found an ancient bone altar of Kikubaaqudgha.
 11328 | D:7      | Became a worshipper of Kikubaaqudgha
 11379 | D:7      | Bought a scroll of identify for 52 gold pieces
 11380 | D:7      | Bought a glowing ring mail for 182 gold pieces
 11514 | D:6      | Reached skill level 1 in Shields
 11700 | D:6      | Reached skill level 1 in Armour
 12474 | D:7      | Reached * piety under Kikubaaqudgha
 12474 | D:7      | Received a gift from Kikubaaqudgha
 13014 | D:7      | Found Fezelewu's Armour Emporium.
 13207 | D:7      | Reached skill level 9 in Necromancy
 13926 | D:8      | Reached ** piety under Kikubaaqudgha
 14142 | D:8      | Noticed Maurice
 14174 | D:8      | Killed Maurice
 14272 | D:8      | Reached XP level 11. HP: 70/84 MP: 3/21
 14559 | D:9      | Killed Joseph
 15026 | D:7      | Bought the +4 leather armour of Toynerog {Int+6} for 457
                  | gold pieces
 15141 | D:9      | Reached *** piety under Kikubaaqudgha
 15141 | D:9      | Received a gift from Kikubaaqudgha
 15154 | D:9      | Learned a level 6 spell: Death Channel
 15160 | D:9      | Learned a level 5 spell: Borgnjor's Vile Clutch
 15429 | D:10     | Entered Level 10 of the Dungeon
 15431 | D:10     | Noticed Harold
 15602 | D:9      | Killed Harold
 15603 | D:9      | Reached skill level 1 in Earth Magic
 15726 | D:10     | Found a staircase to the Lair.
 15797 | D:10     | Found Ithrefav's Magic Scroll Emporium.
 16577 | D:10     | Bought a scroll of identify for 30 gold pieces
 16669 | D:11     | Noticed Snorg
 16684 | D:11     | Killed Snorg
 16685 | D:11     | Reached skill level 10 in Necromancy
 16950 | D:11     | Reached **** piety under Kikubaaqudgha
 17057 | D:11     | Reached skill level 1 in Evocations
 17057 | D:11     | Gained mutation: You have a pair of horns on your head.
                  | [demonic ancestry]
 17057 | D:11     | Reached XP level 12. HP: 91/92 MP: 10/23
 17421 | Lair:1   | Entered Level 1 of the Lair of Beasts
 18971 | Lair:2   | Reached skill level 5 in Armour
 19001 | Lair:2   | Reached skill level 5 in Shields
 19101 | Lair:2   | Reached ***** piety under Kikubaaqudgha
 19565 | Lair:2   | Gained mutation: You have a pair of large horns on your
                  | head. [demonic ancestry]
 19565 | Lair:2   | Reached XP level 13. HP: 88/100 MP: 15/25
 19739 | Lair:2   | Reached skill level 10 in Dodging
 21550 | Lair:3   | Reached skill level 11 in Necromancy
 21818 | Lair:3   | Found a staircase to the Shoals.
 22675 | Lair:4   | Reached ****** piety under Kikubaaqudgha
 22698 | Lair:4   | Received a gift from Kikubaaqudgha
 22711 | Lair:4   | Learned a level 7 spell: Haunt
 22766 | Lair:4   | Found a staircase to the Snake Pit.
 23526 | Lair:5   | Reached skill level 1 in Staves
 23634 | Lair:5   | Identified the ring of the Prince {rC- Str+5 Dex+5 SInv}
 24132 | Lair:5   | Reached skill level 5 in Evocations
 24396 | Lair:5   | Reached skill level 5 in Earth Magic
 24444 | Lair:5   | Found a runed translucent door.
 24444 | Lair:5   | Found a viscous altar of Jiyva.
 24444 | Lair:5   | Found a staircase to the Slime Pits.
 24616 | Lair:5   | Identified 2 scrolls of acquirement
 24645 | Lair:6   | Entered Level 6 of the Lair of Beasts
 24703 | Lair:6   | Identified the +1 robe of the Loving Gods {Will++}
 25171 | Lair:6   | Gained mutation: You are mostly covered in molten scales.
                  | (AC +3) [demonic ancestry]
 25171 | Lair:6   | Reached XP level 14. HP: 103/108 MP: 15/27
 25624 | Lair:6   | Cast into level 3 of the Abyss (a wizard)
 25630 | Abyss:3  | Noticed a ghost moth
 25642 | Abyss:3  | Killed a ghost moth
 25676 | Abyss:3  | Found a blossoming altar of Fedhas.
 25716 | Abyss:3  | Noticed a reaper
 25735 | Abyss:3  | Found a corrupted altar of Lugonu.
 25785 | Abyss:3  | Noticed a tentacled starspawn
 25794 | Lair:6   | Escaped the Abyss
 26307 | D:4      | Killed ziggurnaut's ghost
 27284 | D:12     | Found a shadowy altar of Dithmenos.
 28805 | D:13     | Reached skill level 10 in Fighting
 29302 | D:14     | Found an ancient bone altar of Kikubaaqudgha.
 29531 | D:14     | Found a gateway to a bazaar.
 29885 | D:14     | Reached skill level 5 in Staves
 30017 | D:14     | Reached skill level 12 in Necromancy
 30399 | D:14     | Found a gate to the Vaults.
 30663 | D:15     | Entered Level 15 of the Dungeon
 30663 | D:15     | Found Geufuin Ned's General Store.
 30664 | D:15     | Acquired a +2 eveningstar of draining
 30715 | D:15     | Reached XP level 15. HP: 107/115 MP: 17/28
 30914 | D:15     | Acquired the ring of the Mage {Wiz Archmagi}
 30914 | D:15     | Found the ring of the Mage {Wiz Archmagi}
 31060 | D:15     | Learned a level 2 spell: Blink
 31244 | D:15     | Found a staircase to the Depths.
 31338 | D:15     | Found a sparkling altar of Nemelex Xobeh.
 31826 | Lair:6   | Found a burning altar of Makhleb.
 31894 | Lair:6   | Found a gateway to Hell.
 32069 | Shoals:1 | Entered Level 1 of the Shoals
 32645 | Orc:1    | Entered Level 1 of the Orcish Mines
 32645 | Orc:1    | Noticed Erolcha
 32649 | Orc:1    | Killed Erolcha
 32701 | Orc:1    | Noticed an orc warlord
 32836 | Orc:1    | Killed an orc warlord
 33159 | Orc:2    | Entered Level 2 of the Orcish Mines
 33226 | Orc:2    | Noticed Sonja
 33234 | Orc:2    | Killed Sonja
 33426 | Orc:2    | Found Jauh's General Store.
 33699 | Orc:2    | Found Gaekeor's Weapon Boutique.
 33706 | Orc:2    | Found Poaraulupe's Weapon Boutique.
 33708 | Orc:2    | Found Anypaq's Distillery.
 33717 | Orc:2    | Bought a potion of resistance for 150 gold pieces
 33717 | Orc:2    | Bought a potion of ambrosia for 120 gold pieces
 33717 | Orc:2    | Bought a potion of heal wounds for 75 gold pieces
 33717 | Orc:2    | Bought a potion of might for 60 gold pieces
 33717 | Orc:2    | Bought a potion of might for 60 gold pieces
 33717 | Orc:2    | Bought a potion of might for 60 gold pieces
 33717 | Orc:2    | Bought a potion of might for 60 gold pieces
 33846 | Orc:2    | Found a staircase to the Elven Halls.
 33857 | Orc:2    | Noticed Saint Roka
 34008 | Orc:2    | Killed Saint Roka
 34011 | Orc:2    | Reached skill level 10 in Spellcasting
 34859 | Shoals:1 | Noticed Kirke
 34875 | Shoals:1 | Killed Kirke
 34993 | Shoals:1 | Found Xaheukk's Gadget Gallery.
 35530 | Shoals:2 | Noticed a kraken
 35604 | Shoals:2 | Noticed a kraken
 35604 | Shoals:2 | Noticed a kraken
 35885 | Shoals:3 | Reached XP level 16. HP: 103/124 MP: 6/30
 36328 | Shoals:3 | Reached skill level 10 in Maces & Flails
 36807 | Shoals:3 | Learned a level 8 spell: Infestation
 36998 | Snake:1  | Entered Level 1 of the Snake Pit
 37080 | Snake:1  | Found Ymetwob's Antique Armour Boutique.
 37177 | Snake:1  | Noticed Donald
 37187 | Snake:1  | Killed Donald
 37221 | Snake:1  | Found Suehiv Jebe's Magic Scroll Boutique.
 37225 | Snake:1  | Found Voaweel's Magic Scroll Shop.
 37226 | Snake:1  | Found Fuecsaet's Antique Armour Boutique.
 37261 | Snake:1  | Bought a scroll of teleportation for 42 gold pieces
 37261 | Snake:1  | Bought a scroll of blinking for 105 gold pieces
 37263 | Snake:1  | Bought a pair of runed gloves for 157 gold pieces
 37282 | Snake:1  | Bought a scroll of blinking for 97 gold pieces
 37282 | Snake:1  | Bought 2 scrolls of magic mapping for 91 gold pieces
 37282 | Snake:1  | Bought a scroll of teleportation for 39 gold pieces
 37282 | Snake:1  | Bought a scroll of teleportation for 39 gold pieces
 37282 | Snake:1  | Bought a scroll of teleportation for 39 gold pieces
 37387 | Snake:1  | Reached skill level 13 in Necromancy
 37558 | Snake:1  | Noticed Jorgrun
 37569 | Snake:1  | Killed Jorgrun
 38686 | Snake:2  | Noticed a thorn hunter
 38720 | Snake:2  | Killed a thorn hunter
 38885 | Snake:2  | Noticed a tentacled monstrosity
 38894 | Snake:2  | Killed a tentacled monstrosity
 39001 | Snake:2  | Found Ekamoq's General Store.
 39009 | Snake:2  | Bought a scroll of enchant armour for 105 gold pieces
 39009 | Snake:2  | Bought the amulet of the Wary Dreams {Regen+ Dex+7} for 723
                  | gold pieces
 39009 | Snake:2  | Bought a scroll of teleportation for 42 gold pieces
 39044 | Snake:2  | Found a basalt altar of Yredelemnul.
 39299 | Snake:2  | Noticed a tentacled monstrosity
 39312 | Snake:2  | Killed a tentacled monstrosity
 39832 | Snake:3  | Reached XP level 17. HP: 111/131 MP: 12/31
 40182 | Snake:3  | Noticed Aizul
 40192 | Snake:3  | Killed Aizul
 40588 | Snake:3  | Found Nishezxi's Assorted Antiques.
 40588 | Snake:3  | Noticed Roxanne
 40607 | Snake:3  | Killed Roxanne
 40679 | Snake:3  | Bought 2 potions of curing for 138 gold pieces
 41189 | Shoals:2 | Noticed a kraken
 41230 | Shoals:4 | Entered Level 4 of the Shoals
 41440 | Shoals:4 | Found a runed translucent door.
 41450 | Shoals:4 | Noticed Ilsuiw
 41458 | Shoals:4 | Noticed HilariousDeathArtist's ghost (adept MiMo)
 41472 | Shoals:4 | Killed Ilsuiw
 41728 | Shoals:4 | Identified the +6 plate armour of Miracles {+Blink rPois
                  | rC+ SInv}
 42379 | Shoals:4 | Reached skill level 14 in Necromancy
 42472 | Shoals:4 | Killed from afar by a frost giant

Illustrated notes

Levels and vault maps discovered:
D:1:      spicycebolla_arrival_teleporter_tutorial, layout_loops_ring,
          nrook_campfire
D:2:      layout_loops_ring, ebering_ecumenical_altar_box,
          kennysheep_generic_room_2
D:3:      layout_loops_corners, uniq_natasha
D:4:      layout_cave_pools, minmay_temple_entry_statues_pillars,
          gammafunk_ghost_grave, nicolae_specific_store, minmay_misc_feat_square
D:5:      layout_loops_ring, uniq_crazy_yiuf_cottage, uniq_menkaure,
          uniq_grinder
D:6:      layout_cave_pools, serial_column_ruins, column_ruins_temple_hut,
          column_ruins_hut_pillars, column_ruins_corridor_corner,
          column_ruins_columns_straight, column_ruins_columns_corner,
          column_ruins_corridor_straight, column_ruins_columns_corner,
          column_ruins_columns_water, cheibrodos_sewer_entry_drain
D:7:      minmay_angry_zag, layout_cave_pools, mainiacjoe_overflow_paths,
          serial_shops, shop, serial_gnoll_camp, gnoll_camp_mini_loothouse,
          gnoll_camp_huts_moat, gnoll_camp_mini_hut, gnoll_camp_mini_shop,
          gnoll_camp_mini_shop, gnoll_camp_medium_02, minmay_manual_mess
D:8:      layout_basic, uniq_maurice
D:9:      layout_loops_ring, hiddenorc2_lemuel, minmay_increasing_density,
          uniq_joseph
D:10:     layout_roguey, erik_lair_island, kennysheep_windowed_goal, uniq_harold
D:11:     layout_long_grid, zin_scriptorium, uniq_snorg
D:12:     layout_basic, serial_bayou, serial_bayou_ford_a,
          serial_bayou_lagoon_a, serial_bayou_pond_a, serial_bayou_lagoon_b,
          serial_bayou_pond_b, grunt_dithmenos_smoke_and_mirrors
D:13:     layout_basic, minmay_misc_feat_chi
D:14:     layout_irregular_city, grunt_vaults_entry_fortified,
          kiku_gazebo_pond_becter, serial_shops, statue_bzr
D:15:     hangedman_depths_entry_try_elsewhere_first, layout_long_grid,
          serial_shops, shop, nemelex_xobeh_ov_fountains_minmay
Temple:   nicolae_temple_the_god_donut
Lair:1:   layout_chaotic_city, infiniplex_staircase_pool
Lair:2:   hangedman_what_comes_after_a, layout_regular_city,
          guppyfry_lair_drakes, lemuel_fruit_tree, lemuel_fruit_fields
Lair:3:   layout_roguey [special_room_bee], elwin_shoals_entry_rocks,
          grunt_megastairs_5, serial_bayou_shore_a, serial_bayou_shore_b
Lair:4:   statuecave_lemuel, layout_regular_city,
          minmay_snake_entry_guardpost_medium, infiniplex_staircase_pool_2,
          lemuel_fruit_fields, grunt_megastairs_3
Lair:5:   layout_gridlike, slime_altar_2
Lair:6:   evil_forest, layout_regular_city, grunt_megastairs_1
Shoals:1: layout_shoals, nicolae_shop_gadgets, uniq_kirke
Shoals:2: layout_shoals, nicolae_shoals_kraken_party, uniq_polyphemus
Shoals:3: layout_shoals
Shoals:4: shoals_end_grunt_ice, layout_shoals, shoal_ilsuiw,
          ebering_ghost_inner_flame
Snake:1:  layout_gridlike, serial_shops, nicolae_diamond_shop,
          guppyfry_snake_island, minmay_shop_star, uniq_jorgrun, uniq_donald
Snake:2:  onia_ninara_swampy_vault, layout_grid_maze, basic_altar, serial_shops,
          shop_fountains
Snake:3:  nicolae_snakescales, layout_onion_interference, serial_shops, shop,
          portal_ice_cave_entry_ugly_swarm, uniq_aizul, uniq_roxanne
Orc:1:    layout_caves, basic_altar, uniq_erolcha
Orc:2:    st_orc_elflike, layout_diamond_mine, uniq_saint_roka, uniq_sonja

Skill      XL: |  1  2  3  4  5  6  7  8  9 10 11 12 13 14 15 16 17 |
---------------+----------------------------------------------------+-----
Dodging        | 2 3 4 5 6 7 8 9 11 12 13 | 13.9
Fighting       | 1 2 3 4 5 6 7 8 9 10 11 12 | 12.1
Necromancy     | 5 6 7 8 9 10 11 12 13 14 | 14.0
Maces & Flails | 1 2 3 4 5 6 7 8 9 10 11 | 11.0
Spellcasting   | 3 4 5 6 7 8 9 10 11 | 11.2
Shields        | 3 4 5 6 7 8 9 |  9.6
Armour         | 3 4 5 6 7 8 9 |  9.6
Earth Magic    | 2 3 5 6 7 |  7.1
Evocations     | 1 3 5 6 7 8 9 |  9.2
Staves         | 2 5 7 9 |  9.8
Stealth        | |  1.7

Action                   |  1- 3 |  4- 6 |  7- 9 | 10-12 | 13-15 | 16-18 || total
-------------------------+-------+-------+-------+-------+-------+-------++-------
Melee: Club              |    28 |       |       |       |       |       ||    28
       Dagger            |    51 |       |       |       |       |       ||    51
       Hand axe          |    33 |     6 |       |       |       |       ||    39
       Headbutt          |     6 |    18 |    74 |   155 |   151 |    35 ||   439
       Punch             |     1 |       |     1 |       |       |       ||     2
       Whip              |       |   100 |    76 |    68 |       |       ||   244
       Quarterstaff      |       |       |   265 |       |       |       ||   265
       Morningstar       |       |       |       |   330 |   213 |       ||   543
       Trident           |       |       |       |    41 |       |       ||    41
       Unarmed           |       |       |       |     3 |       |       ||     3
       Staff             |       |       |       |   277 |   305 |    27 ||   609
       Eveningstar       |       |       |       |       |    58 |    89 ||   147
 Cast: Pain              |    36 |    17 |     7 |       |       |       ||    60
       Vampiric Draining |       |     5 |    59 |   289 |   326 |    92 ||   771
       Animate Dead      |       |       |       |    18 |    40 |    37 ||    95
       Death Channel     |       |       |       |     2 |    26 |    35 ||    63
       Borgnjor's Vile C |       |       |       |       |   128 |   141 ||   269
       Blink             |       |       |       |       |     2 |     2 ||     4
Invok: Receive Forbidden |       |       |       |       |     1 |       ||     1
       Receive Corpses   |       |       |       |       |       |     1 ||     1
  Use: Scroll            |       |     5 |     8 |     6 |    27 |     1 ||    47
       Potion            |       |       |     1 |       |     2 |     2 ||     5
 Stab: Sleeping          |     5 |     4 |     1 |     3 |     1 |       ||    14
       Distracted        |       |       |       |     5 |     4 |     5 ||    14
Armor: Robe              |    31 |       |    26 |       |     2 |       ||    59
       Leather armour    |       |    23 |    66 |   252 |   337 |    61 ||   739
       Ring mail         |       |       |       |   148 |       |       ||   148
       Skin              |       |       |       |     2 |       |       ||     2
Dodge: Dodged            |    93 |    60 |   263 |   696 |   733 |   221 ||  2066
Block: Buckler           |       |       |    13 |   286 |   230 |       ||   529
       Kite shield       |       |       |       |       |   132 |   185 ||   317
       Reflection        |       |       |       |       |    11 |    33 ||    44

Table legend: (Time is in decaauts)
 A = Elapsed time spent in this place.
 B = Non-inter-level travel time spent in this place.
 C = Inter-level travel time spent in this place.
 D = Time resting spent in this place.
 E = Time spent auto-exploring this place.
 F = Levels seen in this place.
 G = Mean time per level.
                   A        B        C        D        E       F      G
               +--------+--------+--------+--------+--------+-----+--------+
         Total |  42780 |  40150 |   2630 |   3831 |  26325 |  33 | 1296.4 |
       Dungeon |  21648 |  20352 |   1296 |   2739 |  12839 |  15 | 1443.2 |
        Temple |    639 |    638 |      1 |      0 |    593 |   1 |  639.0 |
          Lair |   9871 |   8901 |    970 |    528 |   6329 |   6 | 1645.2 |
        Shoals |   4072 |   3819 |    253 |    226 |   2573 |   4 | 1018.0 |
     Snake Pit |   4158 |   4068 |     90 |    206 |   2713 |   3 | 1386.0 |
  Orcish Mines |   1761 |   1743 |     18 |    127 |    974 |   2 |  880.5 |
         Abyss |    171 |    171 |      0 |      0 |      0 |   1 |  171.0 |
         Sewer |    456 |    456 |      0 |      4 |    302 |   1 |  456.0 |
               +--------+--------+--------+--------+--------+-----+--------+

Top non-repeatable levels by time:
     D:9: 3196 daAuts
  Lair:2: 2307 daAuts
     D:7: 2260 daAuts
  Lair:6: 2161 daAuts
     D:6: 1745 daAuts
     D:5: 1629 daAuts
  Lair:3: 1560 daAuts
     D:1: 1551 daAuts
 Snake:2: 1545 daAuts
    D:14: 1464 daAuts
 Snake:3: 1364 daAuts
  Lair:5: 1361 daAuts
  Lair:4: 1328 daAuts
     D:8: 1323 daAuts
     D:3: 1290 daAuts
